 Dungeon Crawl Stone Soup version 0.26-a0-1040-gbe3abf3417 (webtiles) character file.

Game seed: 14339174214166943058

19 Dracia the Sneak (level 2, -1/15 HPs)
             Began as a Kobold Enchanter on Dec 12, 2020.
             Slain by a kobold
             ... wielding a +0 short sword
              (6 damage)
             ... on level 1 of the Dungeon.
             The game lasted 00:01:46 (421 turns).

Dracia the Sneak (Kobold Enchanter)                  Turns: 421, Time: 00:01:46

Health: -1/15      AC:  2    Str:  5    XL:     2   Next: 95%
Magic:  5/5        EV: 15    Int: 16    God:
Gold:   20         SH:  0    Dex: 15    Spells: 4/5 levels left

rFire    . . .     SeeInvis .   a - +1 dagger
rCold    . . .     Faith    .   (shield restricted)
rNeg     . . .     Spirit   .   b - +0 robe
rPois    .         Reflect  .   (no helmet)
rElec    .         Harm     .   (no cloak)
rCorr    .         Rampage  .   (no gloves)
Will     .....                  (no boots)
Stlth    ++++......             (no amulet)
HPRegen  0.05/turn              (no ring)
MPRegen  0.09/turn              (no ring)

@: no status effects
A: small, nightstalker 3
a: no special abilities


You were on level 1 of the Dungeon.
You visited 1 branch of the dungeon, and saw 1 of its levels.

You collected 20 gold pieces.


Innate Abilities, Weirdness & Mutations

You are small and have problems with some larger weapons.
You are completely attuned to the shadows.


   Skills:
 + Level 2.6 Short Blades
 - Level 2.4 Dodging
 + Level 4.8 Stealth
 - Level 2.1 Spellcasting
 - Level 3.0 Hexes


You had 4 spell levels left.
You knew the following spells:

 Your Spells              Type           Power        Failure   Level
z - Corona                Hex            ##.....      6%          1

Your spell library contained the following spells:

 Spells                   Type           Power        Failure   Level
 Ensorcelled Hibernation  Hex/Ice        #.....       17%         2
 Confusing Touch          Hex            ##......     19%         3
 Tukima's Dance           Hex            ##......     19%         3
 Dazzling Flash           Conj/Hex       #.....       32%         3

Inventory:

Hand Weapons
 a - a +1 dagger (weapon)
Armour
 b - a +0 robe (worn)
Jewellery
 h - a -4 ring of evasion
Scrolls
 c - a scroll of fog {unknown}
 d - a scroll of remove curse {@r2@r2}
 e - a scroll of enchant weapon {unknown}
 f - a scroll of blinking

Dungeon Overview and Level Annotations

Branches:
Dungeon (1/15)

Altars:

#..##..#
#..##.##
#..##.#
#.# #.#
#.###
#.#..
#.#.#.# #
#@#.#.#
#.#K#.#.#
#.)r..#.##
###...r†.#
######...
##


You could see a kobold and a rat.


Message History

You see here a dart slug corpse.
Found a hunting sling.
A ball python comes into view.
A ball python is nearby!
The ball python hisses angrily.
You hit the ball python.
The ball python is moderately wounded.
The ball python bites you but does no damage.
The ball python grabs you. The ball python constricts you.
A kobold comes into view. It is wielding a +0 short sword.
You barely miss the ball python.
The ball python is moderately wounded.
The kobold shouts!
The ball python closely misses you. The ball python constricts you.
A rat comes into view.
You hit the ball python.
You kill the ball python!
The kobold throws a stone.
The stone barely misses you.
You see here a stone.
The kobold misses you.
The rat twitches its whiskers.
You barely miss the kobold.
The kobold hits you with a +0 short sword.
You closely miss the kobold.
The kobold hits you with a +0 short sword.
* * * LOW HITPOINT WARNING * * *
You are too injured to fight recklessly!
You barely miss the kobold.
The kobold hits you with a +0 short sword.
You die...

Skill      XL: |  1 |
---------------+----+-----
Short Blades   | 2 |  2.6
Dodging        | |  2.4
Stealth        | |  4.8
Spellcasting   | |  2.1
Hexes          | |  3.0

Action                   || total
-------------------------++-------
Melee: Dagger            ||    32
  Use: Scroll            ||     2
 Stab: Sleeping          ||    10
Armor: Robe              ||     3
Dodge: Dodged            ||    14

Levels and vault maps discovered:
D:1:      mrwooster_arrival_statue, layout_basic, minmay_heptomino_d4

Notes
Turn   | Place    | Note
-------+----------+-------------------------------------------
     0 | D:1      | Dracia the Kobold Enchanter began the quest for the Orb.
     0 | D:1      | Reached XP level 1. HP: 10/10 MP: 3/3
   209 | D:1      | Reached skill level 2 in Short Blades
   209 | D:1      | Reached XP level 2. HP: 15/15 MP: 5/5
   421 | D:1      | Slain by a kobold

Vanquished Creatures
  2 dart slugs (D:1)
  A leopard gecko (D:1)
  2 ball pythons (D:1)
  A giant cockroach (D:1)
  A goblin (D:1)
  A hobgoblin (D:1)
  A kobold (D:1)
  2 bats (D:1)
  A frilled lizard (D:1)
  2 rats (D:1)
14 creatures vanquished.

Table legend: (Time is in decaauts)
 A = Elapsed time spent in this place.
 B = Non-inter-level travel time spent in this place.
 C = Inter-level travel time spent in this place.
 D = Time resting spent in this place.
 E = Time spent auto-exploring this place.
 F = Levels seen in this place.
 G = Mean time per level.
                   A        B        C        D        E       F      G
               +--------+--------+--------+--------+--------+-----+--------+
         Total |    416 |    416 |      0 |      0 |    323 |   1 |  416.0 |
       Dungeon |    416 |    416 |      0 |      0 |    323 |   1 |  416.0 |
               +--------+--------+--------+--------+--------+-----+--------+

Top non-repeatable levels by time:
     D:1: 416 daAuts

Table legend:
 A = Non-vault XP
 B = Vault XP
 C = Vault XP percentage of total XP
 D = Non-vault monster count
 E = Vault monster count
 F = Vault count percentage of total count
                 A         B        C        D         E       F
            +---------+---------+-------+---------+---------+-------
      Total |      28 |       0 |   0.0 |      14 |       0 |   0.0
            +---------+---------+-------+---------+---------+-------
        D:1 |      28 |       0 |   0.0 |      14 |       0 |   0.0
            +---------+---------+-------+---------+---------+-------
